 Dungeon Crawl Stone Soup version 0.28.0-43-g3370ac3207 (webtiles) character file.

Game seed: 380914910798416233

14 Murumi the Skirmisher (level 2, -2/31 HPs)
             Began as an Ogre Gladiator on Mar 26, 2022.
             Slain by a gnoll
             ... wielding a +0 spear
              (5 damage)
             ... on level 1 of the Dungeon.
             The game lasted 00:01:25 (449 turns).

Murumi the Skirmisher (Ogre Gladiator)               Turns: 449, Time: 00:01:25

Health: -2/31      AC:  3    Str: 17    XL:     2   Next: 45%
Magic:  2/2        EV: 10    Int:  9    God:
Gold:   28         SH:  0    Dex: 10    Spells: 1/1 levels left

rFire   . . .      SeeInvis .   a - +0 flail
rCold   . . .      Faith    .   (no shield)
rNeg    . . .      Spirit   .   b - +0 robe
rPois   .          Reflect  .   c - +0 hat
rElec   .          Harm     .   (no cloak)
rCorr   .          Rampage  .   (gloves unavailable)
Will    .....                   (boots unavailable)
Stlth   +.........              (no amulet)
HPRegen 0.10/turn               (no ring)
MPRegen 0.08/turn               (no ring)

@: no status effects
A: large, unfitting armour, tough skin 1
a: no special abilities


You were on level 1 of the Dungeon.
You visited 1 branch of the dungeon, and saw 1 of its levels.

You collected 28 gold pieces.

Inventory:

Hand Weapons
 a - a +0 flail (weapon)
Missiles
 d - 3 throwing nets (quivered)
Armour
 b - a +0 robe (worn)
 c - a +0 hat (worn)
Scrolls
 f - a scroll of fog


   Skills:
 + Level 3.2 Fighting
 - Level 3.0 Maces & Flails
 - Level 2.0 Throwing
 - Level 3.0 Dodging


You had one spell level left.
You didn't know any spells.
Your spell library contained the following spells:

 Spells                   Type           Power      Damage    Failure   Level
 Animate Skeleton         Necr           0%         N/A       38%         1
 Pain                     Necr           0%         1d4       38%         1
 Vampiric Draining        Necr           0%         2d6       77%         3


Dungeon Overview and Level Annotations

Branches:
Dungeon (1/15)

Altars:


Innate Abilities, Weirdness & Mutations

You are too large for most types of armour.
You have tough skin. (AC +1)


Message History

You hit the rat.
You kill the rat!
A bat comes into view.
The bat hits you but does no damage.
You hit the bat.
You kill the bat!
You now have 28 gold pieces (gained 12).
Found a hand axe.
You see here a +0 hand axe.
A kobold comes into view. It is wielding a +0 whip.
The kobold shouts!
You hear a shout! x2; You hear an angry hiss.
A goblin comes into view. It is wielding a +0 dagger.
A gnoll comes into view. It is wielding a +0 spear.
You miss the kobold. The kobold hits you with a +0 whip.
The gnoll hits you from afar with a +0 spear.
The kobold hits you with a +0 whip.
You completely miss the kobold.
The gnoll hits you from afar with a +0 spear.
The kobold barely misses you.
You barely miss the kobold.
The gnoll hits you from afar with a +0 spear.
The kobold barely misses you.
You hit the kobold.
You kill the kobold!
The gnoll hits you from afar with a +0 spear!
* * * LOW HITPOINT WARNING * * *
The gnoll completely misses you.
Unknown command.
You aren't carrying any potions.
The gnoll misses you.
Things that are here:
a +0 whip; 4 stones; a kobold corpse You closely miss the gnoll.
The gnoll hits you with a +0 spear.
* * * LOW HITPOINT WARNING * * *
You aren't carrying any potions.
As you read the scroll labelled DACUWO BEZU, it crumbles to dust.
It is a scroll of identify.
f - a scroll of fog The gnoll hits you with a +0 spear.
You die...

#.# #.# #.##
...## ##... .g.
#g# #@# .. . ..#
#.#####
..#.#..##
#.)...# ........
#####.### .
.#.#...# #.....#
##. .#.#...#
#.######.#.#.###
#.. .#.#...#
#...............
#.# .#.#...#
########.#.#.###
###.# .#.#...#
#.....# #....


You could see a gnoll and a goblin.

Vanquished Creatures
  An endoplasm (D:1)
  3 giant cockroaches (D:1)
  2 hobgoblins (D:1)
  2 jackals (D:1)
  A ball python (D:1)
  A bat (D:1)
  2 kobolds (D:1)
  A rat (D:1)
13 creatures vanquished.

Notes
Turn   | Place    | Note
-------+----------+-------------------------------------------
     0 | D:1      | Murumi the Ogre Gladiator began the quest for the Orb.
     0 | D:1      | Reached XP level 1. HP: 22/22 MP: 1/1
    92 | D:1      | Reached XP level 2. HP: 21/31 MP: 2/2
   449 | D:1      | Slain by a gnoll

Illustrated notes

Levels and vault maps discovered:
D:1:      kennysheep_arrival_forest, layout_loops_ring, basic_ecumenical_altar

Skill      XL: |  1  2 |
---------------+-------+-----
Fighting       | 3 |  3.2
Maces & Flails | 3 |  3.0
Dodging        | 3 |  3.0
Throwing       | |  2.0

Action                   || total
-------------------------++-------
Melee: Flail             ||    40
  Use: Scroll            ||     1
Armor: Robe              ||    12
Dodge: Dodged            ||    27
